 Dungeon Crawl Stone Soup version 0.27-a0-836-gfc908b8576 (webtiles) character file.

Game seed: 3679531197826507128

1267 Aviak the Skirmisher (level 8, -4/60 HPs)
             Began as a Djinni Venom Mage on Mar 31, 2021.
             Was a Follower of Cheibriados.
             Killed from afar by a white imp (10 damage)
             ... with a puff of frost
             ... on level 6 of the Dungeon.
             The game lasted 00:12:24 (7308 turns).

Aviak the Skirmisher (Djinni Venom Mage)            Turns: 7308, Time: 00:12:24

Health: -4/60      AC:  6    Str:  9    XL:     8   Next: 53%
Gold:   216        EV: 13    Int: 27    God:    Cheibriados [*.....] SH:  0 Dex: 16

rFire    + + .     SeeInvis .   p - +2 dagger (venom)
rCold    x . .     Faith    .   (no shield)
rNeg     . . .     Spirit   .   A - +3 leather armour
rPois    ∞         Reflect  .   (no helmet)
rElec    .         Harm     .   (no cloak)
rCorr    .         Rampage  .   (no gloves)
Will     .....                  (boots unavailable)
Stlth    ++........             (no amulet)
HPRegen  0.20/turn              u - +6 ring of intelligence
MPRegen  0.00/turn              (no ring)

@: attractive, flying, hasted, very quick
A: fire resistance 2, cold vulnerability 1, float, innate caster, hp casting,
extra vitality 1
a: Renounce Religion, Bend Time


You were on level 6 of the Dungeon.
You worshipped Cheibriados.
Cheibriados was aware of your devotion.
You visited 1 branch of the dungeon, and saw 6 of its levels.

You collected 216 gold pieces.

Inventory:

Hand Weapons
 g - a +0 dagger
 n - a +0 battleaxe
 p - a +2 dagger of venom (weapon)
 y - a +0 dagger of venom
Armour
 a - a +0 robe
 o - a +0 leather armour
 A - a +3 leather armour (worn)
Magical Staves
 h - a staff of death {rN+}
Jewellery
 u - a +6 ring of intelligence (left hand)
 x - a ring of resist corrosion
Scrolls
 c - 3 scrolls of amnesia {unknown}
 d - a scroll of magic mapping {unknown}
 f - a scroll of fog {unknown}
 j - a scroll of immolation {unknown}
 k - 4 scrolls of teleportation {unknown}
 l - 2 scrolls of identify {unknown}
 r - a scroll of noise {unknown}
 v - a scroll of fear {unknown}
 z - a scroll of torment {unknown}
Potions
 b - a potion of berserk rage {unknown}
 e - a potion of invisibility {unknown}
 i - a potion of brilliance
 t - a potion of flight {unknown}
 w - 2 potions of attraction


   Skills:
 + Level 5.5 Fighting
 - Level 1.0 Armour
 - Level 4.7 Dodging
 - Level 1.5 Stealth
 + Level 5.4 Spellcasting
 + Level 3.9 Invocations


You couldn't memorise any spells.
You knew the following spells:

 Your Spells              Type           Power      Damage    Failure   Level
a - Sting                 Tmut/Pois      100%       1d8       1%          1
b - Poisonous Vapours     Pois/Air       74%        N/A       1%          2
c - Mephitic Cloud        Conj/Pois/Air  37%        N/A       3%          3
d - Ignite Poison         Fire/Tmut/Pois 37%        N/A       3%          3
e - Olgreb's Toxic Radia  Pois           37%        N/A       10%         4
f - Corona                Hex            41%        N/A       1%          1
g - Ensorcelled Hibernat  Hex/Ice        74%        N/A       1%          2
h - Spider Form           Tmut/Pois      18%        N/A       3%          3
Your spell library was empty.

Dungeon Overview and Level Annotations

Branches:
Dungeon (6/15)
 Temple: D:4-7

Altars:
Cheibriados
Fedhas
Hepliaklqana
Makhleb
Vehumet
Wu Jian

Shops:
D:2 =

Annotations:
D:5 exclusion: oklob plant


Innate Abilities, Weirdness & Mutations

You are immune to poison.
Your flesh is very heat resistant. (rF++)
You are vulnerable to cold. (rC-)
You float through the air rather than walking.
You learn spells naturally, not from books.
Your magical power is your life essence.
You have superior vitality. (+4 HP)


Message History

The centaur completely misses you.
The centaur kicks you but does no damage.
Casting: Poisonous Vapours (safe; 1% risk of failure)
Confirm with . or Enter, or press ? or * to list all spells.
Aiming: Poisonous Vapours (safe; 1% risk of failure)
Press: ? - help, Dir - move target, f/p - centaur
Aim: a centaur, quivering arrows (severely wounded, extremely poisoned) Poisonous vapours surround the centaur!
You kill the centaur!
Cheibriados appreciates the change of pace.
The white imp gestures at you. The puff of frost hits you!
You feel a terrible chill!
Casting: Poisonous Vapours (safe; 1% risk of failure)
Confirm with . or Enter, or press ? or * to list all spells.
Aiming: Poisonous Vapours (safe; 1% risk of failure)
Press: ? - help, Dir - move target, f - white imp
Aim: a white imp The white imp cannot be affected by poisonous vapours!
Casting: Poisonous Vapours (safe; 1% risk of failure)
Confirm with . or Enter, or press ? or * to list all spells.
You can't see any susceptible monsters within range! (Use Z to cast anyway.)
Casting: Poisonous Vapours (safe; 1% risk of failure)
Confirm with . or Enter, or press ? or * to list all spells.
Aiming: Corona (safe; 1% risk of failure)
Press: ? - help, Shift-Dir - straight line, f/p - white imp
Aim: a white imp (chance to affect: 81%)
The white imp is outlined in light.
The white imp gestures at you. The puff of frost hits you!!
You feel a terrible chill!
* * * LOW HITPOINT WARNING * * *
It was a potion of magic.
Magic courses through your body.
It was a potion of cancellation.
You feel magically purged.
Okay, then.
It was a potion of haste.
You feel yourself speed up.
Cheibriados forgives your accidental hurry, just this once.
It was a potion of attraction.
You feel attractive to monsters. The white imp gestures at you.
The puff of frost hits you!
You feel a terrible chill!
You die...

... .......... .....
...#.......)... .....
.............. ..(...
)............
......#####.##.[......
.....5#.##............
#.....................
#.......@...#......#
#...#))........#..## .
#...###..........
#.### #....#....# . #.
##...###..###. #.
##..####..... +.
...##.....##..... #.
................# #.
.....##..###.....


You could see a white imp (corona).

Vanquished Creatures
  Grinder (D:3)
  A sky beast (D:6)
  A hornet zombie (D:5)
  An ogre (D:6)
  A necrophage (D:5)
  A centaur (D:6)
  A phantom (D:5)
  A jelly (D:5)
  A hound (D:5)
  2 bullfrog zombies
  A centaur skeleton (D:6)
  A bullfrog skeleton (D:5)
  3 orc priests
  4 orc wizards
  A hound zombie (D:4)
  A hound skeleton (D:4)
  5 adders
  An ufetubus (D:5)
  2 adder skeletons (D:4)
  2 worms
  3 dart slugs (D:1)
  15 orcs
  An endoplasm (D:3)
  A giant cockroach (D:3)
  9 goblins
  4 hobgoblins (D:1)
  8 jackals
  2 quokkas
  6 ball pythons
  5 bats
  4 frilled lizards
  5 kobolds
  3 rats
98 creatures vanquished.

Vanquished Creatures (others)
  8 toadstools (D:5)
  A withered plant (D:4)
9 creatures vanquished.

Grand Total: 107 creatures vanquished

Notes
Turn   | Place    | Note
-------+----------+-------------------------------------------
     0 | D:1      | Aviak the Djinni Venom Mage began the quest for the Orb.
     0 | D:1      | Reached XP level 1. HP: 15/15 MP: 0/0
   169 | D:1      | Reached XP level 2. HP: 16/22 MP: 0/0
   179 | D:1      | Reached skill level 1 in Fighting
   791 | D:1      | Reached XP level 3. HP: 18/27 MP: 0/0
   791 | D:1      | Learned a level 1 spell: Corona
  1692 | D:2      | Found Ukerphui's Jewellery Shop.
  2065 | D:2      | Found a hazy altar of Hepliaklqana.
  2240 | D:3      | Reached XP level 4. HP: 23/33 MP: 0/0
  2262 | D:3      | HP: 1/33 [orc/+0 flail (3)]
  2785 | D:3      | Found an ornate altar of the Wu Jian Council.
  2785 | D:3      | Found a faded altar of an unknown god.
  2796 | D:3      | Found a faded altar of an unknown god.
  2803 | D:3      | Found a burning altar of Makhleb.
  2944 | D:3      | Reached XP level 5. HP: 14/39 MP: 0/0
  2944 | D:3      | Learned a level 2 spell: Ensorcelled Hibernation
  3308 | D:3      | Reached skill level 1 in Armour
  3509 | D:3      | Noticed Grinder
  3516 | D:3      | HP: 1/39 [Grinder (3)]
  3519 | D:3      | Paralysed by Grinder for 4 turns
  3528 | D:3      | Killed Grinder
  3529 | D:3      | Reached XP level 6. HP: 12/46 MP: 0/0
  4005 | D:3      | Found a snail-covered altar of Cheibriados.
  4020 | D:3      | HP: 2/46 [orc wizard/magic dart (5)]
  4421 | D:3      | Became a worshipper of Cheibriados the Contemplative
  4603 | D:4      | Reached XP level 7. HP: 40/51 MP: 0/0
  4603 | D:4      | Learned a level 3 spell: Spider Form
  5358 | D:4      | Reached skill level 1 in Invocations
  5434 | D:5      | Entered Level 5 of the Dungeon
  6328 | D:5      | Reached * piety under Cheibriados
  6329 | D:5      | Reached XP level 8. HP: 36/58 MP: 0/0
  6337 | D:5      | Reached skill level 5 in Spellcasting
  6623 | D:5      | Found a blossoming altar of Fedhas.
  6645 | D:5      | Noticed an oklob plant
  6759 | D:5      | Reached skill level 5 in Fighting
  7308 | D:6      | Killed from afar by a white imp

Illustrated notes

Levels and vault maps discovered:
D:1:      minmay_arrival_up_and_down, layout_loops_ring, serial_rivers,
          chequers_serial_rivers_large_a, chequers_serial_rivers_room_a,
          chequers_serial_rivers_small_a, chequers_serial_rivers_room_a,
          chequers_serial_rivers_micro_b, chequers_serial_rivers_large_b
D:2:      layout_rooms, lemuel_doored_altar, serial_shops, shop
D:3:      wander_river, layout_loops_ring, chequers_temple_overflow_minitemple,
          old_standard_altar, st_stairs_2, chequers_serial_rivers_micro_e,
          minivault_11, uniq_grinder
D:4:      layout_loops_ring, portal_sewer_entry_d, serial_undead,
          serial_undead_b, serial_undead_b, serial_undead_a, serial_undead_f,
          minmay_statues_item
D:5:      layout_loops_cross, tgw_fedhas
D:6:      layout_cave_pools, okawaru_trees_1, gup_ossuary_entry_pyramid

Skill      XL: |  1  2  3  4  5  6  7  8 |
---------------+-------------------------+-----
Fighting       | 1 2 3 4 5 |  5.5
Spellcasting   | 3 4 5 |  5.4
Dodging        | 3 4 |  4.7
Armour         | 1 |  1.0
Invocations    | 2 3 |  3.9
Stealth        | |  1.5

Action                   |  1- 3 |  4- 6 |  7- 9 || total
-------------------------+-------+-------+-------++-------
Melee: Dagger            |    19 |    77 |    65 ||   161
       Unarmed           |       |       |    20 ||    20
 Cast: Sting             |    64 |     1 |     8 ||    73
       Poisonous Vapours |     5 |     9 |    23 ||    37
       Mephitic Cloud    |       |    11 |     8 ||    19
       Ignite Poison     |       |     9 |     8 ||    17
       Ensorcelled Hiber |       |     5 |       ||     5
       Spider Form       |       |       |     2 ||     2
       Corona            |       |       |     1 ||     1
  Use: Potion            |       |     4 |     4 ||     8
 Stab: Sleeping          |     1 |     7 |       ||     8
Armor: Robe              |    13 |       |       ||    13
       Leather armour    |       |    14 |    11 ||    25
Dodge: Dodged            |    39 |    50 |   100 ||   189

Table legend: (Time is in decaauts)
 A = Elapsed time spent in this place.
 B = Non-inter-level travel time spent in this place.
 C = Inter-level travel time spent in this place.
 D = Time resting spent in this place.
 E = Time spent auto-exploring this place.
 F = Levels seen in this place.
 G = Mean time per level.
                   A        B        C        D        E       F      G
               +--------+--------+--------+--------+--------+-----+--------+
         Total |   7806 |   7623 |    183 |   1770 |   4653 |   6 | 1301.0 |
       Dungeon |   7806 |   7623 |    183 |   1770 |   4653 |   6 | 1301.0 |
               +--------+--------+--------+--------+--------+-----+--------+

Top non-repeatable levels by time:
     D:3: 2328 daAuts
     D:5: 1911 daAuts
     D:1: 1621 daAuts
     D:4: 1236 daAuts
     D:2: 591 daAuts
     D:6: 116 daAuts
